 Dungeon Crawl Stone Soup version 0.22-a0-299-g43f9854 (webtiles) character file.

12601 Amnesiac the Nimble (level 11, -3/73 HPs)
             Began as a Tengu Air Elementalist on Mar 25, 2018.
             Was a High Priest of Vehumet.
             Slain by an orc warrior
             ... wielding a +0 mace
              (17 damage)
             ... on level 10 of the Dungeon.
             The game lasted 00:22:50 (11117 turns).

Amnesiac the Nimble (Tengu Air Elementalist)       Turns: 11117, Time: 00:22:50

Health: -3/73      AC:  6    Str:  8    XL:     11   Next: 95%
Magic:  14/24      EV: 21    Int: 18    God:    Vehumet [*****.]
Gold:   426        SH:  5    Dex: 16    Spells: 14/26 levels left

rFire    . . .     SeeInvis +   a - +11 spear of Distant Worlds {freeze, rPois SInv}
rCold    . . .     Gourm    +   r - +0 buckler
rNeg     + . .     Faith    .   L - +1 robe {rN+}
rPois    +         Spirit   .   (helmet restricted)
rElec    .         Reflect  .   (no cloak)
rCorr    .         Harm     .   k - +2 pair of gloves
MR       .....                  (boots unavailable)
Stlth    ++........             J - amulet of the gourmand
HPRegen  0.22/turn              n - ring of see invisible
MPRegen  0.19/turn              (no ring)

@: no status effects
A: beak, talons 3, able to fly 1
a: Fly, Renounce Religion


You were on level 10 of the Dungeon.
You worshipped Vehumet.
Vehumet was extremely pleased with you.
You were completely stuffed.

You visited 1 branch of the dungeon, and saw 10 of its levels.

You collected 606 gold pieces.
You spent 180 gold pieces at shops.

Inventory:

Hand Weapons
 a - the +11 spear of Distant Worlds (weapon) {freeze, rPois SInv}
   (You found it on level 8 of the Dungeon)

   It has been specially enchanted to freeze those struck by it, causing extra
   injury to most foes and up to half again as much damage against particularly
   susceptible opponents.
   It can also slow down cold-blooded creatures.
   It protects you from poison.
   It lets you see invisible.
 Q - the +9 staff of Olgreb {rPois}
   (You found it on level 9 of the Dungeon)

   It protects you from poison.
Missiles
 h - a throwing net (quivered)
 o - 7 curare-tipped needles
 q - 63 poisoned needles
Armour
 d - a +3 ring mail
 k - a +2 pair of gloves (worn)
 p - the +2 robe of Grace {Str+4 Dex+4 Stlth+}
   (You found it on level 5 of the Dungeon)

   It affects your strength (+4).
   It affects your dexterity (+4).
   It makes you more stealthy.
 r - a +0 buckler (worn)
 D - a +0 robe
 L - a +1 robe of positive energy (worn)
Magical Staves
 b - an uncursed staff of conjuration
Jewellery
 n - a ring of see invisible (left hand)
 J - an amulet of the gourmand (around neck)
Wands
 y - a wand of iceblast (10)
 z - a wand of polymorph (7)
 E - a wand of acid (8)
 M - a wand of flame (13)
Scrolls
 e - 4 scrolls of fog {!r}
 f - a scroll of fear {!r}
 g - a scroll of amnesia {!r}
 t - 4 scrolls of remove curse {!r}
 v - 2 scrolls of immolation {!r}
 w - 2 scrolls of enchant armour {!r}
 G - 3 scrolls of identify {!r}
 H - a scroll of vulnerability {!r}
 K - 2 scrolls of holy word {!r, unknown}
 N - 4 scrolls of teleportation {!r}
 O - a scroll of magic mapping {!r}
 P - a scroll of silence {!r}
Potions
 i - a potion of cancellation {!q, unknown}
 j - 8 potions of curing {!q}
 l - 2 potions of flight {!q}
 m - a potion of heal wounds {!q}
 s - a potion of haste {!q, unknown}
 u - 2 potions of invisibility {!q}
 x - 3 potions of resistance {!q}
 A - 4 potions of agility {!q}
 B - a potion of lignification {!q}
 C - 2 potions of might {!q, unknown}
 F - a potion of brilliance {!q}
 I - a potion of degeneration {!q, unknown}
Comestibles
 c - 15 rations
 R - 7 chunks of flesh


   Skills:
 + Level 10.8 Fighting
 + Level 11.5 Dodging
 - Level 2.0 Stealth
 - Level 5.0 Shields
 - Level 8.0 Spellcasting
 - Level 1.3 Conjurations
 - Level 8.0 Air Magic


You had 14 spell levels left.
You knew the following spells:

 Your Spells              Type           Power        Failure   Level  Hunger
a - Airstrike             Air            #####.....   1%          4    ###....
d - Lightning Bolt        Conj/Air       ###.......   11%         5    #####..
s - Conjure Flame         Conj/Fire      #.......     6%          3    #......


Dungeon Overview and Level Annotations

Branches:
Dungeon (10/15)            Temple (0/1) D:7            Lair (0/6) D:9
    Orc (0/2) D:10

Altars:
Ashenzari
Okawaru
Qazlal
Ru
Sif Muna
Uskayaw
Vehumet
Yredelemnul
Zin

Shops:
D:4 !


Innate Abilities, Weirdness & Mutations

You have a beak for a mouth.
You have claws for feet.
You can fly.


Message History

The orc warrior hits you with a mace!!
* * * LOW HITPOINT WARNING * * *
The orc warrior misses you.
You hear a shout! x4
You hit the orc warrior. You freeze the orc warrior.
The orc warrior is almost dead.
You hear a shout!
The orc closely misses you. The orc hits you with a dagger.
* * * LOW HITPOINT WARNING * * *
The orc warrior completely misses you.
You hit the orc warrior. You freeze the orc warrior.
You kill the orc warrior!
Vehumet accepts your kill. The orc hits you with a dagger.
* * * LOW HITPOINT WARNING * * *
You block the orc warrior's attack.
An orc comes into view. It is wielding a flail.
You barely miss the orc. You claw the orc.
The orc is almost dead.
The orc completely misses you. The orc closely misses you.
The orc completely misses you.
You barely miss the orc.
The orc is almost dead.
The orc completely misses you. The orc warrior completely misses you.
The orc closely misses you. The orc completely misses you.
You barely miss the orc.
You kill the orc!
Vehumet accepts your kill. The orc warrior hits you with a mace!
* * * LOW HITPOINT WARNING * * *
You block the orc's attack.
Really quaff
m - 2 potions of heal wounds {!q}?
You feel much better. The orc hits you with a dagger.
* * * LOW HITPOINT WARNING * * *
You block the orc's attack. The orc warrior closely misses you.
The orc barely misses you.
An orc comes into view.
Casting: Airstrike (safe; 1% risk of failure)
Confirm with . or Enter, or press ? or * to list all spells.
Aiming: Lightning Bolt (slightly dangerous; 11% risk of failure)
Press: ? - help, Shift-Dir - straight line You hear a mighty clap of thunder!
The bolt of lightning hits the orc warrior.
The orc warrior appears unharmed.
The bolt of lightning hits the orc warrior.
The orc warrior is heavily wounded.
You hear a shout! x4; You hear a croak.
You hear a shout! x5
The orc hits you with a dagger.
* * * LOW HITPOINT WARNING * * *
The orc closely misses you. x2; The orc warrior hits you with a mace!
* * * LOW HITPOINT WARNING * * *
Unknown command.
Casting: Lightning Bolt (slightly dangerous; 11% risk of failure)
Confirm with . or Enter, or press ? or * to list all spells.
Aiming: Lightning Bolt (slightly dangerous; 11% risk of failure)
Press: ? - help, Shift-Dir - straight line You hear a mighty clap of thunder!
The bolt of lightning hits the orc warrior.
The orc warrior is severely wounded.
The bolt of lightning misses the orc warrior.
You hear a loud, deep croak!
You block the orc's attack. The orc hits you but does no damage.
The orc misses you. The orc warrior hits you with a mace!
You die... ## #.. .8. .....# ..# # #....# #'###o #....# #.oo# #....+ #.oo# #....#### ##oo@# #.......####'###o# #.......#...## #oo

##.......#.8.#
Z8.#
.........#..)#
Z...
...###...##)####
.##.. ...#
#.....)...# . .
...# #.........#
## ####
+.........+


You could see an orc warrior, 9 orcs, a bullfrog skeleton and a centaur
skeleton.

Vanquished Creatures
  A hydra (D:9)
  A centaur warrior (D:9)
  4 two-headed ogres
  Pikel (D:6)
  A cyclops (D:10)
  Psyche (D:10)
  A troll (D:8)
  Prince Ribbit (D:8)
  A yak (D:9)
  A wyvern (D:8)
  A hungry ghost (D:7)
  Menkaure (D:7)
  6 soldier ants (D:9)
  3 water moccasins (D:9)
  A porcupine (D:8)
  An ice beast (D:7)
  4 orc warriors
  A sky beast (D:10)
  A slave (D:6)
  2 necrophages
  4 ogres
  A phantom (D:4)
  3 centaurs
  The ghost of Amnesiac the Magician, an amateur DEWz (D:3)
  4 bullfrogs
  2 gnoll sergeants (D:8)
  4 scorpions
  27 killer bees
  8 wights
  3 howler monkeys
  6 electric eels (D:9)
  A crimson imp (D:7)
  A quasit (D:8)
  4 orc priests
  5 hounds
  3 centaur skeletons
  A bullfrog skeleton (D:2)
  2 jellies
  2 iguanas
  9 orc wizards
  9 worker ants
  2 hound zombies
  A hound skeleton (D:4)
  Robin (D:1)
  16 gnolls
  3 howler monkey skeletons
  8 adders
  4 shadow imps
  2 oozes
  2 adder skeletons
  2 adder zombies
  6 worms
  A dart slug (D:1)
  5 leopard geckos
  38 orcs
  4 bats
  3 giant cockroaches
  17 goblins
  7 hobgoblins
  16 jackals
  5 kobolds
  A quokka (D:9)
  A ball python (D:2)
  4 frilled lizards
  A leopard gecko skeleton (D:7)
  2 quokka skeletons
  6 rats
292 creatures vanquished.

Vanquished Creatures (others)
  A gnoll (D:9)
  3 fungi (D:9)
  2 plants (D:9)
6 creatures vanquished.

Grand Total: 298 creatures vanquished

Notes
Turn   | Place    | Note
-------+----------+-------------------------------------------
     0 | D:1      | Amnesiac the Tengu Air Elementalist began the quest for the Orb.
     0 | D:1      | Reached XP level 1. HP: 10/10 MP: 4/4
   106 | D:1      | Reached XP level 2. HP: 16/16 MP: 1/6
   429 | D:1      | Reached skill level 1 in Fighting
   441 | D:1      | Reached XP level 3. HP: 20/20 MP: 0/7
   880 | D:2      | Reached skill level 5 in Air Magic
   907 | D:2      | Noticed Robin
   943 | D:1      | Killed Robin
  1017 | D:2      | Reached XP level 4. HP: 21/25 MP: 3/8
  1082 | D:2      | Learned a level 4 spell: Airstrike
  1922 | D:2      | Gained mutation: You can fly. [Tengu growth]
  1922 | D:2      | Reached XP level 5. HP: 21/30 MP: 2/10
  2074 | D:2      | Found a radiant altar of Vehumet.
  2179 | D:3      | Found a stormy altar of Qazlal.
  2179 | D:3      | Found a basalt altar of Yredelemnul.
  2293 | D:3      | Noticed Amnesiac's ghost (amateur DEWz)
  2294 | D:3      | Killed Amnesiac's ghost
  2392 | D:3      | Found a sacrificial altar of Ru.
  2405 | D:3      | Found a glowing silver altar of Zin.
  2527 | D:3      | You fall through a shaft for 2 floors!
  2527 | D:5      | Entered Level 5 of the Dungeon
  2534 | D:5      | Reached XP level 6. HP: 15/35 MP: 5/12
  2886 | D:2      | Became a worshipper of Vehumet
  3222 | D:4      | Found a hide-covered altar of Uskayaw.
  3632 | D:4      | Noticed a phantom
  3694 | D:4      | Killed a phantom
  3699 | D:4      | Found Doppuo Zoxo's Distillery.
  3703 | D:4      | Bought a potion of lignification for 36 gold pieces
  3703 | D:4      | Bought a potion of heal wounds for 60 gold pieces
  3703 | D:4      | Bought a potion of curing for 36 gold pieces
  3703 | D:4      | Bought a potion of agility for 48 gold pieces
  3722 | D:4      | Reached XP level 7. HP: 40/40 MP: 1/13
  4387 | D:5      | Reached * piety under Vehumet
  4387 | D:5      | Offered knowledge of Magic Dart by Vehumet.
  4605 | D:5      | Got an ancient robe
  4801 | D:6      | Reached skill level 5 in Spellcasting
  4875 | D:6      | Reached XP level 8. HP: 48/48 MP: 10/16
  5052 | D:6      | Reached skill level 5 in Fighting
  5238 | D:6      | Found a shattered altar of Ashenzari.
  5279 | D:6      | Offered knowledge of Flame Tongue by Vehumet.
  5279 | D:6      | Reached skill level 1 in Shields
  5428 | D:6      | Noticed Pikel
  5500 | D:6      | Killed Pikel
  5500 | D:6      | Reached XP level 9. HP: 37/54 MP: 3/19
  5516 | D:6      | Identified the +2 robe of Grace {Str+4 Dex+4 Stlth+} (You found it on level 5 of the Dungeon)
  5985 | D:7      | Found an iron altar of Okawaru.
  6195 | D:7      | Reached ** piety under Vehumet
  6195 | D:7      | Reached skill level 3 in Dodging
  6425 | D:7      | Noticed Menkaure
  6428 | D:7      | Killed Menkaure
  6428 | D:7      | Reached skill level 4 in Dodging
  6607 | D:7      | Reached skill level 5 in Dodging
  7014 | D:7      | Reached skill level 6 in Dodging
  7089 | D:7      | Found a staircase to the Ecumenical Temple.
  7303 | D:7      | Learned a level 5 spell: Lightning Bolt
  7417 | D:8      | Noticed Prince Ribbit
  7421 | D:8      | Killed Prince Ribbit
  7421 | D:8      | Reached XP level 10. HP: 60/60 MP: 7/23
  7521 | D:8      | Offered knowledge of Conjure Flame by Vehumet.
  7527 | D:8      | Learned a level 3 spell: Conjure Flame
  7595 | D:8      | Reached skill level 5 in Shields
  7683 | D:8      | Reached *** piety under Vehumet
  7887 | D:8      | Reached skill level 7 in Dodging
  7927 | D:8      | Offered knowledge of Iskenderun's Mystic Blast by Vehumet.
  8012 | D:8      | Noticed a two-headed ogre
  8056 | D:8      | Killed a two-headed ogre
  8259 | D:8      | Found a deep blue altar of Sif Muna.
  8338 | D:8      | Got a bone spear
  8561 | D:9      | Noticed a two-headed ogre
  8574 | D:9      | Identified the +11 spear of Distant Worlds {freeze, rPois SInv} (You found it on level 8 of the Dungeon)
  8577 | D:9      | Killed a two-headed ogre
  8577 | D:9      | Reached skill level 8 in Dodging
  8660 | D:9      | Reached **** piety under Vehumet
  8698 | D:9      | Found a runed gate.
  8698 | D:9      | Found a runed gate.
  8699 | D:9      | Found a runed gate.
  8714 | D:9      | Noticed an eight-headed hydra
  8741 | D:9      | Found a staircase to the Lair.
  8744 | D:9      | Killed an eight-headed hydra
  8744 | D:9      | Reached skill level 9 in Dodging
  8744 | D:9      | Reached XP level 11. HP: 62/69 MP: 1/24
  9085 | D:8      | Offered knowledge of Venom Bolt by Vehumet.
  9275 | D:9      | Noticed a centaur warrior
  9287 | D:9      | Killed a centaur warrior
  9297 | D:9      | Reached skill level 10 in Dodging
  9927 | D:9      | Noticed a two-headed ogre
  9935 | D:9      | Killed a two-headed ogre
 10081 | D:9      | Found a runed door.
 10118 | D:9      | Found the +9 staff of Olgreb {rPois}
 10119 | D:9      | Found a runed door.
 10120 | D:9      | Noticed a two-headed ogre
 10214 | D:9      | Killed a two-headed ogre
 10214 | D:9      | Reached skill level 10 in Fighting
 10695 | D:9      | Reached skill level 11 in Dodging
 10809 | D:10     | Entered Level 10 of the Dungeon
 10835 | D:10     | Noticed Psyche
 10845 | D:10     | Killed Psyche
 10859 | D:10     | Noticed a cyclops
 10913 | D:10     | Killed a cyclops
 10956 | D:10     | Reached ***** piety under Vehumet
 11031 | D:10     | Offered knowledge of Spellforged Servitor by Vehumet.
 11076 | D:10     | Found a staircase to the Orcish Mines.
 11117 | D:10     | Slain by an orc warrior

Vault maps used:
D:1:      mrwooster_arrival_statue_3
D:2:      nicolae_overflow_hidden_temple, uniq_robin
D:3:      overflow_temple_1_default, overflow_temple_1_default,
          gammafunk_temple_overflow_pools, hex_medium
D:4:      lemuel_doored_altar, serial_shops, nicolae_shop_crystal
D:5:      serial_glass, glass_columns_c, glass_columns_a, first_ration
D:6:      lemuel_round_altar, uniq_pikel
D:7:      old_standard_altar, minmay_temple_entry_grid,
          kennysheep_generic_room_11, uniq_menkaure
D:8:      old_standard_altar, serial_glass, glass_columns_a, glass_columns_a,
          glass_columns_a, glass_columns_a, glass_columns_a, glass_columns_c,
          glass_columns_b, glass_columns_a, glass_columns_a, glass_columns_c,
          uniq_prince_ribbit1
D:9:      cheibrodos_two_vegetables, grunt_lair_entry_orc_guard_hut,
          minmay_guarded_unrand_staff_of_olgreb
D:10:     hiddenorc2_lemuel, uniq_josephine, uniq_psyche

Skill      XL: |  1  2  3  4  5  6  7  8  9 10 11 |
---------------+----------------------------------+-----
Fighting       | 1 2 4 5 8 10 | 10.8
Air Magic      | 5 6 7 8 |  8.0
Spellcasting   | 3 5 6 8 |  8.0
Shields        | 4 5 |  5.0
Dodging        | 6 9 11 | 11.5
Stealth        | |  2.0
Conjurations   | |  1.3

Action                   |  1- 3 |  4- 6 |  7- 9 | 10-12 || total
-------------------------+-------+-------+-------+-------++-------
Melee: Unarmed           |    24 |    22 |    23 |    45 ||   114
       Peck              |     5 |     2 |     7 |    28 ||    42
       Kick              |     3 |     4 |     9 |    63 ||    79
       Spear             |       |       |       |   188 ||   188
 Cast: Shock             |    55 |   121 |   135 |       ||   311
       Airstrike         |       |     5 |    66 |   122 ||   193
       Lightning Bolt    |       |       |       |    22 ||    22
 Abil: Evoke Berserk Rag |       |       |     1 |     1 ||     2
       Fly               |       |       |       |     2 ||     2
Evoke: Wand              |       |       |       |     1 ||     1
  Use: Scroll            |       |       |    13 |     6 ||    19
       Potion            |       |       |       |     2 ||     2
 Stab: Sleeping          |       |       |       |     3 ||     3
  Eat: Chunk             |     1 |    10 |    17 |    44 ||    72
       Ration            |       |       |     1 |     1 ||     2
Armor: Robe              |     6 |     5 |     6 |    27 ||    44
Dodge: Dodged            |    37 |    30 |    40 |   246 ||   353
Block: Buckler           |       |       |    10 |    96 ||   106

Table legend:
 A = Spawn XP
 B = Non-spawn XP
 C = Spawn XP percentage of total XP
 D = Spawn monster count
 E = Non-spawn monster count
 F = Spawn count percentage of total count
 G = Total turns spent on level
                    A         B        C        D         E        F      G
               +---------+---------+-------+---------+---------+-------+---------
         Total |       0 |   18002 |   0.0 |       0 |     291 |   0.0 | 11117
               +---------+---------+-------+---------+---------+-------+---------
           D:1 |       0 |      64 |   0.0 |       0 |      25 |   0.0 |  1026
           D:2 |       0 |     122 |   0.0 |       0 |      32 |   0.0 |  1121
           D:3 |       0 |     122 |   0.0 |       0 |       5 |   0.0 |   736
           D:4 |       0 |     449 |   0.0 |       0 |      18 |   0.0 |   950
           D:5 |       0 |     321 |   0.0 |       0 |      19 |   0.0 |  1013
           D:6 |       0 |    1507 |   0.0 |       0 |      29 |   0.0 |  1151
           D:7 |       0 |    1805 |   0.0 |       0 |      32 |   0.0 |  1419
           D:8 |       0 |    3090 |   0.0 |       0 |      37 |   0.0 |  1466
           D:9 |       0 |    8339 |   0.0 |       0 |      70 |   0.0 |  1927
          D:10 |       0 |    2183 |   0.0 |       0 |      24 |   0.0 |   308
               +---------+---------+-------+---------+---------+-------+---------
